Map: Chain of Ascension

Players

Neuneu

  • Race: Terran Terran

NamroodTuo

  • Race: Zerg Zerg

VOD

Have the link to the VOD?

Description

Time

  • Played on: Jan. 8, 2023, 4:28 p.m.
  • Length: 28:12
Show
View Real Time Build Order
Export as new Build Order

Neuneu Terran 

Build Orders:  

Get SALT Encoding   

  12  0:07  SCV  
  13  0:24  SCV  
  13  0:28  Refinery  
  14  0:41  SCV, Refinery  
  15  0:58  SCV  
  16  1:15  SCV  
  17  1:32  SCV  
  18  1:47  Engineering Bay  
  18  1:49  SCV  
  19  2:05  SCV  
  20  2:22  SCV  
  20  2:25  Gunslingers Hideout  
  21  2:39  SCV  
  22  2:47  Outlaw Weapons Level 1  
  22  2:56  SCV  
  22  2:57  Fixers Safehouse  
  23  3:01  Tychus  
  23  3:13  SCV  
  24  3:30  SCV  
  25  3:47  SCV  
  26  4:04  SCV  
  27  4:40  Kel-Morian Ripper Rounds  
  27  4:47  Outlaw Life and Armor Level 1  
  27  6:19  Lt Layna Nikara  
  37  6:47  Outlaw Weapons Level 2  
  37  9:05  Crooked Sam  
  37  9:07  Outlaw Life and Armor Level 2  
  47  10:46  LarsCorp G7 Charges  
  47  11:27  Outlaw Weapons Level 3  
  47  13:54  Muscle Armory  
  47  14:07  Outlaw Life and Armor Level 3  
  47  14:27  Medivac Platform  
  47  15:35  Miles Blaze Lewis  
  57  16:16  Vanadium Shell  
  57  16:24  KD9a Implosion Core  
  57  16:46  Flashforce GDM Visor  
  57  17:45  Procyon Twin Heal Beam Gauntlet  
  57  21:01  Umojan Repair Nanites  
  57  21:05  Nux  
  67  23:13  Procyon Serum  
  67  23:19  Hades Oil, High Capacity Containers  
  67  25:55  Moebius Restraint Matrix, Procyon Shade Suit  
Show
View Real Time Build Order
Export as new Build Order

NamroodTuo Zerg 

Build Orders:  

Get SALT Encoding   

  12  0:07  Infested SCV  
  13  0:19  Overlord  
  13  0:26  Infested SCV  
  14  0:32  Infested SCV  
  15  0:51  Infested Barracks  
  15  0:56  Infested SCV  
  16  1:04  Overlord  
  16  1:10  Infested SCV  
  17  1:25  Infested SCV  
  18  1:43  Infested SCV  
  19  1:53  Infested SCV  
  20  2:03  Infestation Level 1  
  20  2:36  Infested Bunker  
  24  2:43  Infested SCV x2  
  24  2:45  Infested SCV  
  27  2:57  Infested Engineering Bay  
  27  2:59  Infested SCV  
  28  3:14  Infested SCV  
  29  3:22  Infested Refinery  
  29  3:24  Infested Refinery  
  29  3:30  Infested SCV  
  30  3:56  Overlord  
  30  4:11  Infested Marine  
  30  4:16  Overlord  
  30  5:10  Infested Marine  
  30  5:11  Infested Marine x8  
  30  5:12  Infested Marine x8  
  47  5:32  Overlord x2  
  47  5:33  Overlord x2  
  47  5:36  Infestation Level 2  
  47  5:39  Infested Barracks Tech Lab  
  47  5:59  Overlord x2  
  47  6:20  Infested Bunker  
  47  6:28  Infested Bunker  
  38  7:34  Infested Marine  
  38  7:35  Infested Marine x15  
  54  7:43  Retinal Augmentation  
  54  7:48  Anaerobic Enhancement  
  54  7:51  Infested SCV  
  54  7:52  Infested SCV x4  
  59  8:12  Infested Missile Turret  
  59  8:16  Infested Missile Turret  
  59  8:28  Infested Barracks  
  59  8:34  Regenerative Plating  
  59  8:36  Infested Barracks  
  59  8:40  Infested SCV  
  59  8:43  Overlord, Plagued Munitions  
  59  9:15  Infested Factory  
  44  9:34  Stukov Infantry Weapons Level 1  
  44  9:59  Infested Marine x4  
  48  10:00  Infested Marine x7  
  59  10:30  Infested Bunker  
  63  10:40  Infested Bunker  
  63  11:05  Infested Armory  
  63  11:06  Infested Barracks  
  63  11:16  Broodling Gestation  
  52  12:14  Stukov Infantry Armor Level 1  
  52  12:19  Infested Bunker  
  56  12:33  Infested Bunker  
  64  13:27  Infested Bunker  
  68  13:57  Infested Bunker  
  68  14:19  Infested Marine x7  
  75  14:20  Infested Marine x20  
  75  14:21  Infested Marine x8  
  101  15:48  Overlord x2  
  101  15:49  Overlord x3  
  72  16:23  Infested Missile Turret  
  72  16:24  Infested Bunker  
  72  16:38  Infestation Level 3  
  72  16:47  Infested Marine  
  72  16:48  Infested Marine x7  
  72  16:49  Infested Marine  
  81  16:55  Infested Missile Turret  
  81  17:23  Infested Missile Turret  
  81  17:24  Infested Marine  
  81  17:25  Infested Marine x13  
  81  17:26  Infested Marine x15  
  110  17:34  Infested Marine  
  110  17:35  Infested Marine x6  
  108  18:12  Infested Marine x3  
  108  18:13  Infested Marine x8  
  123  18:30  Infested Bunker  
  123  18:59  Infested Marine  
  123  19:00  Infested Marine x12  
  123  19:01  Infested Marine x11  
  111  19:23  Infested Marine  
  111  19:24  Infested Marine x10  
  111  19:25  Infested Marine x11  
  133  19:41  Infested Marine  
  133  19:42  Infested Marine x9  
  133  19:48  Calcified Armor  
  122  20:10  Infested Marine  
  122  20:11  Infested Marine x8  
  122  20:12  Infested Marine x2  
  117  20:48  Stukov Infantry Weapons Level 2  
  97  21:13  Infested Bunker  
  97  21:15  Overlord  
  97  21:19  Overlord  
  80  23:07  Infested Bunker  
  88  23:27  Infested Bunker  
  92  23:42  Infested Bunker  
  92  23:44  Infested Marine x4  
  92  23:45  Infested Marine x20  
  116  23:57  Stukov Infantry Armor Level 2, Infested Marine x3  
  116  23:58  Infested Marine x16  
  116  23:59  Infested Marine x2  
  137  24:10  Infested Marine  
  137  24:11  Infested Marine x7  
  137  24:12  Infested Marine  
  100  25:42  Infested Bunker  
  100  25:53  Infested Bunker  
  98  26:15  Infested Marine x3  
  98  26:16  Infested Marine x13  
  114  27:25  Infested Marine  
  114  27:26  Infested Marine x11  
  114  27:27  Infested Marine x10  
Tags
 
Add a new tag
Caveats
  • Supply blocks, unpowered buildings, or Contaminate may cause inaccurate times.
  • Supply counts are checked every 10 seconds.